MLB
MINNESOTA TWINS @ DETROIT TIGERS
06/04/2098
 
TOP OF THE 1ST
Minnesota Twins batting - Pitching for Detroit Tigers : RHP Diego Garzon
Pitching: RHP Diego Garzon
Batting: SHB Dan Mayes 0-0: Called Strike
0-1: DOUBLE (Line Drive, 7LM, EV 110.6 MPH)
Batting: SHB Jim Whitlock 0-0: Ball
Dan Mayes steals 3rd base
1-0: SINGLE (Line Drive, 34D, EV 93.8 MPH)
Dan Mayes scores
Batting: SHB William Maki 0-0: Ball
1-0: DOUBLE (Line Drive, 9LD, EV 101.3 MPH)
Jim Whitlock to third
Batting: RHB Bill Widby 0-0: Swinging Strike
0-1: Ball
1-1: Ball
2-1: Ball
3-1: Called Strike
3-2: Ground out U3 (Groundball, 13, EV 86.3 MPH)
Jim Whitlock scores
William Maki to third
Batting: LHB Emilio Gonzales 0-0: Ball
1-0: Ground out U3 (Groundball, 34S, EV 77.5 MPH)
William Maki scores
Batting: LHB Jay Molteni 0-0: Ball
1-0: Foul Ball, location: 5FF
1-1: Ball
2-1: Swinging Strike
2-2: Foul Ball, location: 5F
2-2: Ball
3-2: Ground out U3 (Groundball, 3S, EV 86.3 MPH)
Top of the 1st over - 3 runs, 3 hits, 0 errors, 0 left on base; Minnesota 3 - Detroit 0
BOTTOM OF THE 1ST
Detroit Tigers batting - Pitching for Minnesota Twins : RHP Victor Gonzalez
Pitching: RHP Victor Gonzalez
Batting: LHB Tim Wilson 0-0: Ground out U3 (Groundball, 34S, EV 75.6 MPH)
Batting: LHB Eric Plaunt 0-0: Called Strike
0-1: Ball
1-1: SINGLE (Groundball, 6MD, EV 101.9 MPH)
Batting: RHB David Schafer 0-0: Foul Ball, location: 5FF
0-1: Called Strike
Eric Plaunt steals 2nd base
0-2: SINGLE (Groundball, 56S, EV 68.1 MPH) (infield hit)
Eric Plaunt to third
Batting: LHB Nick Penix 0-0: Ball
1-0: Ball
2-0: Ball
3-0: Base on Balls
David Schafer to second
Batting: LHB Philip Clark 0-0: Ball
1-0: Called Strike
1-1: Called Strike
1-2: Ball
2-2: Strikes out looking
Batting: RHB Donald Nohl 0-0: SINGLE (Groundball, 56D, EV 97.5 MPH)
Eric Plaunt scores
David Schafer to third
Nick Penix to second
Runner from 3rd tries for Home, SAFE, throw by LF to home
Batting: RHB Edgar Navarrete 0-0: Ball
1-0: Called Strike
1-1: Ground out 6-3 (Groundball, 6M, EV 87.5 MPH)
Bottom of the 1st over - 2 runs, 3 hits, 0 errors, 2 left on base; Minnesota 3 - Detroit 2
TOP OF THE 2ND
Minnesota Twins batting - Pitching for Detroit Tigers : RHP Diego Garzon
Batting: RHB Rogelio Rivera 0-0: Ball
1-0: Fly out, F9 (Flyball, 9LS, EV 92.5 MPH)
Batting: RHB Chris Ward 0-0: Ball
1-0: Foul Ball, location: 2F
1-1: Foul Ball, location: 9LMF
1-2: Ball
2-2: Ball
3-2: Base on Balls
Batting: LHB Chris Armstrong 0-0: SINGLE (Line Drive, 34, EV 105.0 MPH)
Chris Ward to second
Runner from 2nd tries for 3rd, SAFE, no throw by RF
Batting: SHB Dan Mayes 0-0: Ball
1-0: Ball
2-0: Called Strike
2-1: Ball
3-1: Grounds into double play, 6-4-3 (Groundball, 6, EV 100.0 MPH)
Top of the 2nd over - 0 runs, 1 hit, 0 errors, 1 left on base; Minnesota 3 - Detroit 2
BOTTOM OF THE 2ND
Detroit Tigers batting - Pitching for Minnesota Twins : RHP Victor Gonzalez
Batting: LHB Jason Schneider 0-0: Called Strike
0-1: Ball
1-1: Ball
2-1: TRIPLE (Line Drive, 8RXD, EV 100.6 MPH)
Batting: RHB Carlos Fraire 0-0: Called Strike
0-1: Foul Ball, location: 9LSF
0-2: Strikes out looking
Batting: LHB Tim Wilson 0-0: Ball
1-0: Ball
2-0: Ball
3-0: Base on Balls
Batting: LHB Eric Plaunt 0-0: Ball
1-0: Foul Ball, location: 7LMF
1-1: Ball
2-1: Ball
3-1: Base on Balls
Tim Wilson to second
Batting: RHB David Schafer 0-0: Swinging Strike
Balk!
Jason Schneider scores
Tim Wilson to third
Eric Plaunt to second
0-1: SINGLE (Groundball, 6MD, EV 108.1 MPH)
Tim Wilson scores
Eric Plaunt to third
Batting: LHB Nick Penix 0-0: Ball
1-0: Ball
2-0: Called Strike
2-1: Called Strike
David Schafer steals 2nd base
2-2: Fly out, F8 (Flyball, 8RXD, EV 110.6 MPH)
Runner from 3rd tags up, SCORES, no throw by CF
Batting: LHB Philip Clark 0-0: Ball
1-0: Called Strike
1-1: SINGLE (Groundball, 6MD, EV 106.3 MPH)
David Schafer to third
Runner from 3rd tries for Home, SAFE, throw by CF to home
Batting: RHB Donald Nohl 0-0: Ball
1-0: Ball
2-0: Ball
Philip Clark steals 2nd base (no throw)
3-0: Called Strike
3-1: SINGLE (Groundball, 4MD, EV 99.4 MPH)
Philip Clark to third
Runner from 3rd tries for Home, SAFE, throw by CF to home
Batting: RHB Edgar Navarrete 0-0: Ball
1-0: Swinging Strike
1-1: Foul Ball, location: 2F
1-2: Hit by Pitch
Donald Nohl to second
Pitching: LHP Ricardo Sauceda
Batting: LHB Jason Schneider 0-0: Ball
1-0: Called Strike
1-1: SINGLE (Line Drive, 8LS, EV 74.4 MPH)
Donald Nohl to third
Edgar Navarrete to second
Runner from 3rd tries for Home, SAFE, throw by CF to home
Batting: RHB Carlos Fraire 0-0: Ball
1-0: Foul Ball, location: 2F
1-1: Ball
2-1: Swinging Strike
2-2: Strikes out swinging
Bottom of the 2nd over - 6 runs, 5 hits, 0 errors, 2 left on base; Minnesota 3 - Detroit 8
TOP OF THE 3RD
Minnesota Twins batting - Pitching for Detroit Tigers : RHP Diego Garzon
Batting: SHB Jim Whitlock 0-0: Called Strike
0-1: SINGLE (Groundball, 6MD, EV 107.5 MPH)
Batting: SHB William Maki 0-0: Called Strike
0-1: Swinging Strike
0-2: Foul Ball, location: 7LMF
0-2: Ball
1-2: Ball
2-2: Ball
3-2: Fly out, F9 (Flyball, 9D, EV 105.0 MPH)
Runner from 1st tags up, SAFE at 2nd
Batting: RHB Bill Widby 0-0: Called Strike
0-1: Swinging Strike
0-2: Fly out, F3 (Popup, 3F, EV 77.5 MPH)
Batting: LHB Emilio Gonzales 0-0: Ball
1-0: Ball
2-0: Called Strike
2-1: Ball
3-1: SINGLE (Flyball, 9LS, EV 97.5 MPH)
Jim Whitlock to third
Runner from 3rd tries for Home, SAFE, throw by RF to home
Batting: LHB Jay Molteni 0-0: Foul Ball, location: 2F
0-1: Called Strike
0-2: Strikes out swinging
Top of the 3rd over - 1 run, 2 hits, 0 errors, 1 left on base; Minnesota 4 - Detroit 8
BOTTOM OF THE 3RD
Detroit Tigers batting - Pitching for Minnesota Twins : LHP Ricardo Sauceda
Batting: LHB Tim Wilson 0-0: Ball
1-0: Foul Ball, location: 3F
1-1: Called Strike
1-2: Ball
2-2: Ball
3-2: Ground out U3 (Groundball, 3, EV 83.8 MPH)
Batting: LHB Eric Plaunt 0-0: Foul Ball, location: 2F
0-1: Foul Ball, location: 7LDF
0-2: Ball
1-2: Foul Ball, location: 2F
1-2: Ball
2-2: Ground out U3 (Groundball, 13, EV 81.3 MPH)
Batting: RHB David Schafer 0-0: DOUBLE (Flyball, 78D, EV 107.5 MPH)
Batting: LHB Nick Penix 0-0: Ball
1-0: Foul Ball, location: 3FF
1-1: Swinging Strike
1-2: Foul Ball, location: 7LMF
1-2: Strikes out swinging
Bottom of the 3rd over - 0 runs, 1 hit, 0 errors, 1 left on base; Minnesota 4 - Detroit 8
TOP OF THE 4TH
Minnesota Twins batting - Pitching for Detroit Tigers : RHP Diego Garzon
Batting: RHB Rogelio Rivera 0-0: Ball
1-0: Foul Ball, location: 3SF
1-1: Ground out 6-3 (Groundball, 6, EV 93.8 MPH)
Batting: RHB Chris Ward 0-0: Ball
1-0: DOUBLE (Flyball, 8RXD, EV 102.5 MPH)
Batting: LHB Chris Armstrong 0-0: Called Strike
Chris Ward steals 3rd base
0-1: Ball
1-1: Ball
2-1: Ball
3-1: DOUBLE (Line Drive, 3D, EV 104.4 MPH)
Chris Ward scores
Pitching: RHP John Young
Batting: SHB Dan Mayes 0-0: Ball
1-0: Ball
2-0: Ball
3-0: Base on Balls
Batting: SHB Jim Whitlock 0-0: Ball
1-0: Ball
2-0: DOUBLE (Line Drive, 7LD, EV 110.6 MPH)
Chris Armstrong scores
Dan Mayes to third
Runner from 3rd tries for Home, SAFE, no throw by LF
Batting: SHB William Maki 0-0: Ball
1-0: Called Strike
1-1: Foul Ball, location: 7LMF
1-2: Ball
2-2: SINGLE (Line Drive, 78M, EV 91.3 MPH)
Jim Whitlock to third
Batting: RHB Bill Widby 0-0: Called Strike
0-1: Foul Ball, location: 7LSF
0-2: Strikes out swinging
Batting: LHB Emilio Gonzales 0-0: Called Strike
0-1: Called Strike
0-2: Ball
1-2: Foul Ball, location: 5FF
1-2: Ball
2-2: Strikes out swinging
Top of the 4th over - 3 runs, 4 hits, 0 errors, 2 left on base; Minnesota 7 - Detroit 8
BOTTOM OF THE 4TH
Detroit Tigers batting - Pitching for Minnesota Twins : LHP Ricardo Sauceda
Batting: LHB Philip Clark 0-0: Swinging Strike
0-1: Ground out 5-3 (Groundball, 5, EV 85.6 MPH)
Batting: RHB Donald Nohl 0-0: Ground out 5-3 (Groundball, 56, EV 101.9 MPH)
Batting: RHB Edgar Navarrete 0-0: Foul Ball, location: 9LSF
0-1: Called Strike
0-2: Ball
1-2: Foul Ball, location: 2F
1-2: SINGLE (Line Drive, 7S, EV 92.5 MPH)
Pitching: RHP B.J. Williams
Batting: LHB Jason Schneider 0-0: Ball
1-0: Fly out, F8 (Flyball, 8LM, EV 90.0 MPH)
Bottom of the 4th over - 0 runs, 1 hit, 0 errors, 1 left on base; Minnesota 7 - Detroit 8
TOP OF THE 5TH
Minnesota Twins batting - Pitching for Detroit Tigers : RHP John Young
Batting: LHB Jay Molteni 0-0: Ball
1-0: Foul Ball, location: 23F
1-1: Swinging Strike
1-2: Strikes out swinging
Batting: RHB Rogelio Rivera 0-0: Ball
1-0: Foul Ball, location: 2F
1-1: Ball
2-1: Ground out 6-3 (Groundball, 6, EV 81.9 MPH)
Batting: RHB Chris Ward 0-0: Foul Ball, location: 5F
0-1: Ball
1-1: Foul Ball, location: 9LSF
1-2: Ground out 3-1 (Groundball, 34, EV 85.0 MPH)
Top of the 5th over - 0 runs, 0 hits, 0 errors, 0 left on base; Minnesota 7 - Detroit 8
BOTTOM OF THE 5TH
Detroit Tigers batting - Pitching for Minnesota Twins : RHP B.J. Williams
Batting: RHB Carlos Fraire 0-0: Ball
1-0: Called Strike
1-1: Ball
2-1: Swinging Strike
2-2: Ball
3-2: Ground out 4-3 (Groundball, 4, EV 84.4 MPH)
Batting: LHB Tim Wilson 0-0: Foul Ball, location: 5F
0-1: Foul Ball, location: 3F
0-2: SINGLE (Groundball, 34D, EV 109.4 MPH)
Batting: LHB Eric Plaunt 0-0: Called Strike
Tim Wilson is caught stealing 2nd base 2-6
0-1: Fly out, F8 (Flyball, 78M, EV 73.8 MPH)
Bottom of the 5th over - 0 runs, 1 hit, 0 errors, 0 left on base; Minnesota 7 - Detroit 8
TOP OF THE 6TH
Minnesota Twins batting - Pitching for Detroit Tigers : RHP John Young
Pitching: RHP John Hernandez
Batting: LHB Chris Armstrong 0-0: Called Strike
0-1: Swinging Strike
0-2: Ball
1-2: Strikes out swinging
Batting: SHB Dan Mayes 0-0: Ball
1-0: SOLO HOME RUN (Flyball, 9D, EV 99.4 MPH), Distance : 380 ft
Batting: SHB Jim Whitlock 0-0: Ball
1-0: Called Strike
1-1: Foul Ball, location: 23FF
1-2: Strikes out looking
Batting: SHB William Maki 0-0: Foul Ball, location: 3SF
0-1: Swinging Strike
0-2: Ground out 3-1 (Groundball, 34, EV 86.3 MPH)
Top of the 6th over - 1 run, 1 hit, 0 errors, 0 left on base; Minnesota 8 - Detroit 8
BOTTOM OF THE 6TH
Detroit Tigers batting - Pitching for Minnesota Twins : RHP B.J. Williams
Batting: RHB David Schafer 0-0: Ball
1-0: Ball
2-0: Swinging Strike
2-1: Ground out 6-3 (Groundball, 6, EV 106.3 MPH)
Batting: LHB Nick Penix 0-0: Ball
1-0: Foul Ball, location: 2F
1-1: SOLO HOME RUN (Flyball, 7D, EV 102.5 MPH), Distance : 395 ft
Batting: LHB Philip Clark 0-0: Ground out U3 (Groundball, 3S, EV 82.5 MPH)
Batting: RHB Donald Nohl 0-0: Foul Ball, location: 2F
0-1: Swinging Strike
0-2: Foul Ball, location: 5F
0-2: Ball
1-2: Ground out 4-3 (Groundball, 34, EV 108.1 MPH)
Bottom of the 6th over - 1 run, 1 hit, 0 errors, 0 left on base; Minnesota 8 - Detroit 9
TOP OF THE 7TH
Minnesota Twins batting - Pitching for Detroit Tigers : RHP John Hernandez
Batting: RHB Bill Widby 0-0: Ball
1-0: Ball
2-0: Swinging Strike
2-1: Foul Ball, location: 9LSF
2-2: Ground out 4-3 (Groundball, 4, EV 77.5 MPH)
Batting: LHB Emilio Gonzales 0-0: Ground out 6-3 (Groundball, 6S, EV 84.4 MPH)
Batting: LHB Jay Molteni 0-0: Called Strike
0-1: Ball
1-1: Swinging Strike
1-2: Strikes out swinging
Top of the 7th over - 0 runs, 0 hits, 0 errors, 0 left on base; Minnesota 8 - Detroit 9
BOTTOM OF THE 7TH
Detroit Tigers batting - Pitching for Minnesota Twins : RHP B.J. Williams
Batting: RHB Edgar Navarrete 0-0: Ball
1-0: SINGLE (Line Drive, 9LS, EV 95.6 MPH)
Pitching: RHP Paul King
Batting: LHB Jason Schneider 0-0: Ball
1-0: Swinging Strike
1-1: Fly out, F7 (Flyball, 7S, EV 80.0 MPH)
Batting: RHB Carlos Fraire 0-0: Ball
1-0: Called Strike
1-1: SINGLE (Flyball, 56D, EV 91.9 MPH)
Edgar Navarrete to second
Batting: LHB Tim Wilson 0-0: Called Strike
0-1: Ball
1-1: Called Strike
1-2: Ground out 5-3 (Groundball, 56, EV 83.1 MPH)
Edgar Navarrete to third
Carlos Fraire to second
Batting: LHB Eric Plaunt 0-0: Swinging Strike
0-1: Foul Ball, location: 7LDF
0-2: SINGLE (Line Drive, 9S, EV 95.6 MPH)
Edgar Navarrete scores
Carlos Fraire to third
Runner from 3rd tries for Home, SAFE, throw by RF to home
Batting: RHB David Schafer 0-0: Ball
1-0: Called Strike
1-1: Ball
2-1: Swinging Strike
2-2: Strikes out swinging
Bottom of the 7th over - 2 runs, 3 hits, 0 errors, 1 left on base; Minnesota 8 - Detroit 11
TOP OF THE 8TH
Minnesota Twins batting - Pitching for Detroit Tigers : RHP John Hernandez
Pitching: RHP John Griffith
Batting: RHB Rogelio Rivera 0-0: Ball
1-0: Fly out, F7 (Line Drive, 7, EV 95.0 MPH)
Batting: RHB Chris Ward 0-0: Called Strike
0-1: Foul Ball, location: 2F
0-2: Ball
1-2: SINGLE (Line Drive, 89S, EV 105.0 MPH)
Batting: LHB Chris Armstrong 0-0: Grounds into double play, 4-6-3 (Groundball, 4, EV 78.1 MPH)
Top of the 8th over - 0 runs, 1 hit, 0 errors, 0 left on base; Minnesota 8 - Detroit 11
BOTTOM OF THE 8TH
Detroit Tigers batting - Pitching for Minnesota Twins : RHP Paul King
Batting: LHB Nick Penix 0-0: Ground out 4-3 (Groundball, 4, EV 82.5 MPH)
Batting: LHB Philip Clark 0-0: Ball
1-0: Ball
2-0: Ball
3-0: Called Strike
3-1: DOUBLE (Line Drive, 7LD, EV 100.6 MPH)
Batting: RHB Donald Nohl 0-0: Ball
1-0: Ball
2-0: Ball
3-0: Called Strike
3-1: Base on Balls
Pitching: LHP Jeff Downing
Batting: RHB Edgar Navarrete 0-0: SINGLE (Line Drive, 4MD, EV 101.9 MPH)
Philip Clark to third
Donald Nohl to second
Runner from 3rd tries for Home, SAFE, throw by CF to home
Batting: LHB Jason Schneider 0-0: Called Strike
0-1: Fly out, F7 (Flyball, 78D, EV 91.9 MPH)
Batting: RHB Carlos Fraire 0-0: Ball
1-0: Called Strike
1-1: Ball
2-1: Foul Ball, location: 2F
2-2: Ball
3-2: Foul Ball, location: 2LF
3-2: Fly out, F2 (Popup, 3SF, EV 69.4 MPH)
Bottom of the 8th over - 1 run, 2 hits, 0 errors, 2 left on base; Minnesota 8 - Detroit 12
TOP OF THE 9TH
Minnesota Twins batting - Pitching for Detroit Tigers : RHP John Griffith
Pitching: RHP Jim Vickery
Batting: SHB Dan Mayes 0-0: Foul Ball, location: 3SF
0-1: Called Strike
0-2: Ball
1-2: Ball
2-2: Strikes out looking
Batting: SHB Jim Whitlock 0-0: Ball
1-0: Ball
2-0: Called Strike
2-1: Foul Ball, location: 23F
2-2: Ground out 6-3 (Groundball, 6, EV 83.1 MPH)
Batting: SHB William Maki 0-0: Ball
1-0: Called Strike
1-1: Foul Ball, location: 7LDF
1-2: Strikes out swinging
Top of the 9th over - 0 runs, 0 hits, 0 errors, 0 left on base; Minnesota 8 - Detroit 12
Saturday, April 6th , 2024 - OOTP Baseball 24.11 Build 85